 Dungeon Crawl Stone Soup version 0.31.0-4-g52a2dc7128 (webtiles) character file.

Game seed: 3311129649152781781

153 SnakkuSnakku7 the Trooper (level 5, -1/44 HPs)
             Began as a Merfolk Earth Elementalist on Jan 22, 2024.
             Was a Follower of Cheibriados.
             Slain by a hound (5 damage)
             ... on level 3 of the Dungeon.
             The game lasted 00:02:48 (1845 turns).

SnakkuSnakku7 the Trooper (MfEE)                    Turns: 1845, Time: 00:02:49

Health: -1/44      AC:  2    Str: 11    XL:     5   Next: 35%
Magic:  6/8        EV: 13    Int: 18    God:    Cheibriados [*.....]
Gold:   104        SH:  0    Dex: 19    Spells: 7/8 levels left

rFire   . . .        d - +0 hand axe
rCold   . . .        (no shield)
rNeg    . . .        a - +0 robe
rPois   .            (no helmet)
rElec   .            (no cloak)
rCorr   .            (no gloves)
SInv    .            (no boots)
Will    .....        (no amulet)
Stlth   ++           (no ring)
HPRegen 0.27/turn    (no ring)
MPRegen 0.11/turn

%: no passive effects
@: very slow
A: (nimble swimmer 2), mertail
a: Renounce Religion, Bend Time


You were on level 3 of the Dungeon.
You worshipped Cheibriados.
Cheibriados was aware of your devotion.
You visited 1 branch of the dungeon, and saw 3 of its levels.

You collected 104 gold pieces.

Inventory:

Hand Weapons
 d - a +0 hand axe (weapon)
Armour
 a - a +0 robe (worn)
Jewellery
 u - a ring of ice
Wands
 r - a wand of polymorph (4)
Scrolls
 c - 5 scrolls of identify {unknown}
 f - a scroll of silence {unknown}
 g - a scroll of enchant armour {unknown}
 i - 2 scrolls of revelation {unknown}
 j - 3 scrolls of teleportation {unknown}
 l - a scroll of blinking {unknown}
 q - a scroll of immolation {unknown}
 s - a scroll of poison {unknown}
Potions
 b - a potion of magic
 e - 4 potions of curing {unknown}
 h - a potion of haste {unknown}
 k - a potion of heal wounds {unknown}
 m - a potion of mutation {unknown}
 n - 2 potions of resistance {unknown}
 o - a potion of invisibility {unknown}
 p - a potion of attraction {unknown}
 t - a potion of berserk rage {unknown}


   Skills:
 + Level 5.3 Fighting
 - Level 2.6 Dodging
 - Level 2.1 Stealth
 - Level 2.0 Spellcasting
 - Level 0.7 Conjurations
 - Level 2.4 Earth Magic


You had 7 spell levels left.
You knew the following spells:

 Your Spells              Type           Power      Damage    Failure   Level
a - Sandblast             Erth           20%        2d7       7%          1

Your spell library contained the following spells:

 Spells                   Type           Power      Damage    Failure   Level
 Magic Dart               Conj           16%        1d3       14%         1
 Sting                    Conj/Alch      12%        1d3       16%         1
 Slow                     Hex            4%         N/A       19%         1
 Passwall                 Erth           10%        N/A       21%         3
 Stone Arrow              Conj/Erth      14%        3d7       28%         3
 Tukima's Dance           Hex            1%         N/A       47%         3
 Brom's Barrelling Bould  Conj/Erth      7%         2d3       67%         4
 Petrify                  Alch/Erth      6%         N/A       73%         4
 Passage of Golubria      Tloc           1%         N/A       87%         4
 Yara's Violent Unravell  Hex/Alch       0%         3d3       99%         5


Dungeon Overview and Level Annotations

Branches:
Dungeon (3/15)

Altars:
Cheibriados
Kikubaaqudgha
Sif Muna
Vehumet


Innate Abilities, Weirdness & Mutations

((You are very nimble when in or above water. (Stealth+, EV+, Speed+++)))
Your lower body shifts to a powerful aquatic tail in water.


Message History

The orc wizard hits you with a +0 dagger.
The orc wizard is engulfed in a cloud of scalding steam.
The orc wizard mumbles some strange words.
The orc wizard flickers and vanishes!
There is a fountain of clear blue water here.
The orc wizard barely misses you. Something hits you but does no damage.
The orc wizard points at you and mumbles some strange words.
Something hits you. Something completely misses you.
The orc wizard casts a spell at you. The magic dart hits you!
* * * LOW HITPOINT WARNING * * *
The orc wizard gestures at you while chanting.
Something hits you.
* * * LOW HITPOINT WARNING * * *
Okay, then.
Aiming: Sandblast (safe; 7% risk of failure)
Press: ? - help, Q - select action, (/) - cycle Shift-Dir - straight line, f/p - orc wizard
Aim: an orc wizard, wielding a +0 dagger and wearing a +0 robe (heavily wounded, 77% to hit)
The blast of sand hits something but does no damage.
Something hits you.
* * * LOW HITPOINT WARNING * * *
The orc wizard points at you and mumbles some strange words.
The magic dart hits something.
You hear a shout!
Unknown command.
Aiming: Sandblast (safe; 7% risk of failure)
Press: ? - help, Q - select action, (/) - cycle Shift-Dir - straight line, f/p - orc wizard
Aim: an orc wizard, wielding a +0 dagger and wearing a +0 robe (heavily wounded, 77% to hit)
The blast of sand hits the orc wizard!
You kill the orc wizard!
Cheibriados appreciates the change of pace.
Something hits you but does no damage.
Aiming: Polymorph
Press: ? - help, Shift-Dir - straight line, f - orc wizard
Aim: an orc wizard, wielding a +0 dagger and wearing a +0 robe (will become a jelly, an iguana, or a hound, chance to affect: 49%)
The orc wizard evaporates and reforms as a hound!
Something hits you.
* * * LOW HITPOINT WARNING * * *
The hound bites you.
You die...

#............+...###.#.###....##
##...#.#.....#.#.# #.#.###....##
#...#.#..)..#.#.###............
#...................#..#.....#.
#...###......................#.
#...###..###....###............
#..........#...................
#..........#....###.......#...#
#..........#.{@.# #.#.........#
#.........###h###.............#
#........##..)..##.............
#.########..⌠.⌠..##.##........#
#.#######....⌠....## #.#.......
#......#....⌠.⌠....# #.#.......
########...........# ...##
##'###'###'## .....
#...#...#)..# .....


You could see a hound.

Vanquished Creatures
  3 orc wizards (D:3)
  2 adders
  A gnoll (D:2)
  2 ribbon worms (D:2)
  A dart slug (D:1)
  5 bats
  6 endoplasms
  2 giant cockroaches (D:1)
  5 hobgoblins
  2 jackals (D:2)
  A quokka (D:1)
  2 ball pythons
  A frilled lizard (D:1)
  4 goblins
  4 kobolds
  4 rats
45 creatures vanquished.

Notes
Turn   | Place    | Note
-------+----------+-------------------------------------------
     0 | D:1      | SnakkuSnakku7 the Merfolk Earth Elementalist began the
                  | quest for the Orb.
     0 | D:1      | Reached XP level 1. HP: 13/13 MP: 3/3
     6 | D:1      | Noticed an anaconda
     6 | D:1      | Noticed a rime drake
     6 | D:1      | Noticed a polar bear
     6 | D:1      | Noticed a brain worm
     6 | D:1      | Noticed a redback
   227 | D:1      | Reached skill level 1 in Fighting
   325 | D:1      | Reached XP level 2. HP: 22/22 MP: 1/5
   359 | D:1      | Reached skill level 2 in Fighting
   745 | D:1      | Reached XP level 3. HP: 28/28 MP: 4/6
   813 | D:2      | Reached skill level 3 in Fighting
  1084 | D:2      | Found a faded altar of an unknown god.
  1102 | D:2      | Prayed at the altar of an unknown god.
  1102 | D:2      | Became a worshipper of Cheibriados the Contemplative
  1102 | D:2      | Reached * piety under Cheibriados
  1115 | D:2      | Reached XP level 4. HP: 30/37 MP: 2/7
  1158 | D:2      | Reached skill level 4 in Fighting
  1459 | D:3      | Got Practicing Sorcery
  1698 | D:3      | Found an ancient bone altar of Kikubaaqudgha.
  1772 | D:3      | Found a radiant altar of Vehumet.
  1780 | D:3      | Reached skill level 5 in Fighting
  1780 | D:3      | Reached XP level 5. HP: 36/44 MP: 1/8
  1832 | D:3      | Found a shimmering blue altar of Sif Muna.
  1845 | D:3      | Slain by a hound

Illustrated notes

Levels and vault maps discovered:
D:1:      onia_arrival_zoo_common, layout_basic
D:2:      layout_basic, chequers_ecumenical_altar_simple, st_stairs_9
D:3:      layout_basic, palyth_temple_overflow_mages

Skill      XL: |  1  2  3  4 |
---------------+-------------+-----
Fighting       | 1 2 3 5 |  5.3
Dodging        | |  2.6
Stealth        | |  2.1
Spellcasting   | |  2.0
Conjurations   | |  0.7
Earth Magic    | |  2.4

Action                     |  1- 3 |  4- 6 || total
---------------------------+-------+-------++-------
  Melee: Unarmed           |     2 |       ||     2
         Hand axe          |    32 |    15 ||    47
   Cast: Sandblast         |    36 |    29 ||    65
  Evoke: Wand              |       |     1 ||     1
   Stab: Sleeping          |     3 |     1 ||     4
 Armour: Robe              |    33 |    45 ||    78
  Dodge: Dodged            |    37 |    39 ||    76
